AoeStats
← willrhyd

Black Forest

506618773Analyzed
1v1 RM · 18d ago on Sep 14, 2026· 37m 6s· 2 players
Game mode
Random Map
Map size
Tiny (2 player)
Population
200
Speed
Normal
Resources
Standard
Victory
Conquest
Starting age
Dark Age
Ending age
Imperial Age
RankedLock teamsTeams togetherTeam positionsShared explorationLock speedFull tech treeHidden civsTurbo modeCheats
Victory
Defeat
🇬🇧 Poles · United Kingdom
1534
+14
🇩🇪 Turks · Germany
1492
-14
Bonkershealer
0:44 Loom
11:18 Feudal Age
18:57 Castle Age
25:21 Fishing Lines
32:25 Imperial Age
30:07 Horse Collar
30:17 Double-Bit Axe
31:28 Bloodlines
31:19 Husbandry
31:38 Scale Barding Armor
32:12 Forging
willrhyd
0:42 Loom
10:29 Feudal Age
11:12 Double-Bit Axe
11:08 Horse Collar
12:27 Fletching
20:37 Padded Archer Armor
24:50 Castle Age
24:14 Scale Mail Armor
25:25 Gold Mining
25:33 Gold Mining
26:29 Bow Saw
26:22 Heavy Plow
26:23 Bodkin Arrow
30:02 Imperial Age
27:58 Bodkin Arrow
27:40 Crossbowman
30:40 Wheelbarrow
31:45 Chemistry
30:52 Bracer
31:44 Arbalester
33:39 Conscription
35:57 Ballistics
Connection lost

Rejoining the realm…

Still unreachable

The connection could not be restored.

Session expired

The server has moved on; the page needs a fresh start.